 Dungeon Crawl Stone Soup version 0.25.1-1-g288607f5aa (webtiles) character file.

Game seed: 14242152337641314272

39095 funkygono the Basher (level 13, -15/116 HPs)
             Began as a Minotaur Fighter on July 21, 2020.
             Was a High Priest of Makhleb.
             Demolished by an ice devil (20 damage)
             ... on level 6 of the Lair of Beasts on July 22, 2020.
             The game lasted 00:37:33 (16455 turns).

funkygono the Basher (Minotaur Fighter)            Turns: 16455, Time: 00:37:33

Health: -15/116    AC: 20    Str: 26    XL:     13   Next: 67%
Magic:  19/19      EV: 13    Int:  5    God:    Makhleb [*****.]
Gold:   878        SH: 14    Dex: 13    Spells: 12/12 levels left

rFire    + + .     SeeInvis +   j - +6 flail (freeze)
rCold    . . .     Gourm    .   c - +1 kite shield
rNeg     . . .     Faith    +   U - +3 ring mail "Jedd" {-Tele Harm rF++ SInv}
rPois    .         Spirit   .   (helmet restricted)
rElec    .         Reflect  .   t - +0 cloak
rCorr    .         Harm     +   n - +1 pair of gloves {Str+3}
MR       +....     NoTele   +   b - +0 pair of boots
Stlth    ++........             u - amulet of faith
HPRegen  0.29/turn              N - ring of protection from magic
MPRegen  0.16/turn              z - +4 ring of protection

@: studying Unarmed Combat
A: retaliatory headbutt, horns 2
a: Minor Destruction, Lesser Servant of Makhleb, Major Destruction, Greater
Servant of Makhleb, Renounce Religion


You were on level 6 of the Lair of Beasts.
You worshipped Makhleb.
Makhleb was extremely pleased with you.
You were not hungry.

You visited 3 branches of the dungeon, and saw 17 of its levels.

You collected 878 gold pieces.

Inventory:

Hand Weapons
 j - a +6 flail of freezing (weapon)
 Q - a +0 triple sword
Missiles
 g - 381 stones (quivered)
 p - 70 sling bullets
 r - 42 bolts
Armour
 b - a +0 pair of boots (worn)
 c - a +1 kite shield (worn)
 l - a +0 chain mail
 n - a +1 pair of gloves of strength (worn)
 t - a +0 cloak (worn)
 J - a +0 plate armour
 U - the +3 ring mail "Jedd" (worn) {-Tele Harm rF++ SInv}
   (You found it on level 5 of the Lair of Beasts)

   It greatly protects you from fire.
   It lets you see invisible.
   It prevents most forms of teleportation.
   It increases damage dealt and taken.
Magical Staves
 d - an uncursed staff of cold
 V - an uncursed staff of wizardry
Jewellery
 e - an uncursed ring of fire
 q - an uncursed ring of ice
 u - an amulet of faith (around neck)
 z - a +4 ring of protection (right hand)
 N - a ring of protection from magic (left hand)
Wands
 o - a wand of paralysis (10)
 y - a wand of iceblast (13)
 A - a wand of random effects (21)
 D - a wand of disintegration (13)
 F - a wand of digging (6)
 K - a wand of clouds (5)
 P - a wand of polymorph (7)
Scrolls
 h - 5 scrolls of fear
 m - a scroll of blinking
 v - 9 scrolls of remove curse
 w - 3 scrolls of teleportation
 x - 3 scrolls of immolation
 E - a scroll of vulnerability
 M - a scroll of brand weapon
Potions
 a - 5 potions of curing
 i - 6 potions of stabbing
 k - a potion of mutation
 s - a potion of lignification
 B - 2 potions of resistance
 C - 2 potions of cancellation
 G - 2 potions of flight
 L - 2 potions of heal wounds
 O - a potion of ambrosia
Books
 I - a manual of Unarmed Combat
Miscellaneous
 H - a phial of floods (inert)
Comestibles
 f - 31 rations
 R - 7 chunks of flesh


   Skills:
 + Level 11.2 Fighting
 + Level 14.5 Maces & Flails
 + Level 11.5 Armour
 + Level 5.0 Dodging
 - Level 3.0 Stealth
 + Level 12.9 Shields
 + Level 10.2 Invocations
 + Level 2.1 Evocations


You had 12 spell levels left.
You didn't know any spells.
Your spell library contained the following spells:

 Spells                   Type           Power        Failure   Level  Hunger
 Animate Skeleton         Necr           N/A          67%         1    ##.....
 Apportation              Tloc           #.....       67%         1    ##.....
 Corona                   Hex            #......      67%         1    ##.....
 Foxfire                  Conj/Fire      #...         67%         1    ##.....
 Magic Dart               Conj           #...         67%         1    ##.....
 Summon Small Mammal      Summ           #...         67%         1    ##.....
 Searing Ray              Conj           #.....       82%         2    ###....
 Conjure Flame            Conj/Fire      #.......     96%         3    ####...
 Dazzling Flash           Conj/Hex       #.....       96%         3    ####...
 Inner Flame              Hex/Fire       #.......     96%         3    ####...
 Fulminant Prism          Conj/Hex       #.........   100%        4    #####..
 Iskenderun's Mystic Bla  Conj/Tloc      #.......     100%        4    #####..
 Sticky Flame             Conj/Fire      #.......     100%        4    #####..
 Fireball                 Conj/Fire      #.........   100%        5    ######.


Dungeon Overview and Level Annotations

Branches:
Dungeon (10/15)            Temple (1/1) D:5            Lair (6/6) D:9
  Swamp (0/4) Lair:2        Snake (0/4) Lair:3        Slime (0/5) Lair:6
    Orc: D:9-12

Altars:
Ashenzari
Cheibriados
Dithmenos
Elyvilon
Fedhas
Gozag
Hepliaklqana
Kikubaaqudgha
Makhleb
Nemelex Xobeh
Okawaru
Qazlal
Ru
Sif Muna
Trog
Uskayaw
Vehumet
Wu Jian
Xom
Yredelemnul
Zin
The Shining One

Shops:
D:7 %   D:8 %   D:10 !

Annotations:
D:9 3 runed translucent doors, exclusion: orange crystal statue
Lair:4 1 runed translucent door, runemage's ghost, journeyman GnFi


Innate Abilities, Weirdness & Mutations

You reflexively headbutt those who attack you in melee.
You have a pair of horns on your head.


Message History

You feel sick.
You feel sick.
You see here a hydra corpse.
You feel better. The ice devil hits you!
* * * LOW HITPOINT WARNING * * *
The ice devil freezes you!
* * * LOW HITPOINT WARNING * * *
You block the orange demon's attack.
You hit the ice devil but do no damage.
The ice devil is heavily wounded.
You block the ice devil's attack. The orange demon closely misses you.
You sock the ice devil!
The ice devil is severely wounded.
The ice devil hits you but does no damage.
You hit the ice devil.
The ice devil is severely wounded.
You block the orange demon's attack. The ice devil hits you!
* * * LOW HITPOINT WARNING * * *
The ice devil freezes you!
You die...

#...#.8).###############
#..8.8...4.............#
♣#........#...8....8....#
♣♣♣♣'#########.............#
.♣♣.♣♣♣ ######''#######
......♣♣♣ ♣..†.♣ .♣♣♣....♣♣♣
♣♣..♣♣ ♣♣ ♣♣♣♣...♣♣ ♣♣♣4.♣♣
♣♣...♣♣♣♣♣@4♣♣♣ ♣♣♣..♣♣..♣♣♣
♣♣....♣♣♣ ♣.....♣ ♣♣♣.♣♣♣
♣♣♣♣♣# ♣♣♣♣ ♣♣♣ ♣♣♣ ♣♣....#
♣♣♣..♣♣♣♣♣♣♣♣♣..♣♣♣♣♣♣...PP###
♣.....♣♣..♣.......♣♣.....P...#
............................#


You could see an orange demon and an ice devil.

Vanquished Creatures
  A dire elephant (Lair:6)
  6 hydras
  2 two-headed ogres (D:9)
  7 death yaks
  A sixfirhy (Lair:6)
  A wizard (Lair:6)
  2 oklob plants
  A manticore (D:10)
  6 elephants
  5 black mambas
  10 spiny frogs
  3 rime drakes
  4 komodo dragons
  2 queen bees
  3 blink frogs
  10 hippogriffs
  5 dream sheep (Lair:5)
  Prince Ribbit (D:8)
  2 wyverns
  9 yaks
  Grum (Lair:1)
  4 basilisks
  3 hungry ghosts
  A soldier ant (D:10)
  13 water moccasins
  7 porcupines
  3 orc warriors
  5 ice beasts
  2 black bears
  A phantom (D:6)
  A necrophage (D:7)
  4 wolves (Lair:1)
  An ogre (D:6)
  10 crocodiles
  16 bullfrogs
  A big kobold (D:9)
  50 killer bees
  5 wights (D:10)
  3 howler monkeys
  4 electric eels
  7 crimson imps
  8 hounds
  2 bullfrog skeletons
  3 centaur skeletons
  A jelly (D:10)
  2 orc priests
  An iguana (D:8)
  7 worker ants
  11 orc wizards
  A hound zombie (D:8)
  A hound skeleton (D:7)
  A worker ant zombie (D:10)
  4 gnolls
  11 adders
  4 shadow imps
  An ooze (D:1)
  An adder zombie (D:10)
  2 worms
  2 dart slugs
  3 leopard geckos
  23 orcs
  A ball python (D:1)
  7 bats
  4 giant cockroaches
  6 goblins
  2 hobgoblins
  5 jackals
  8 kobolds
  6 quokkas
  3 frilled lizards
  A jackal skeleton (D:5)
  A leopard gecko skeleton (D:5)
  6 rats
  A fungus (Lair:6)
  3 plants (D:9)
366 creatures vanquished.

Vanquished Creatures (collateral kills)
  A death yak (Lair:2)
  3 oklob plants (Lair:1)
  3 elephants (Lair:2)
  A blink frog (Lair:1)
  A hippogriff (Lair:1)
  3 yaks (Lair:2)
  A hell hound (Lair:6)
  A plant (Lair:1)
14 creatures vanquished.

Vanquished Creatures (others)
  A kobold (D:9)
  2 fungi
  7 plants
10 creatures vanquished.

Grand Total: 390 creatures vanquished

Notes
Turn   | Place    | Note
-------+----------+-------------------------------------------
     0 | D:1      | funkygono the Minotaur Fighter began the quest for the Orb.
     0 | D:1      | Reached XP level 1. HP: 19/19 MP: 0/0
   490 | D:1      | Reached XP level 2. HP: 25/27 MP: 1/1
   964 | D:2      | Reached XP level 3. HP: 33/33 MP: 2/2
  1085 | D:2      | Reached skill level 3 in Maces & Flails
  1310 | D:2      | Reached skill level 1 in Dodging
  1318 | D:2      | Reached XP level 4. HP: 12/40 MP: 3/3
  2399 | D:3      | Reached XP level 5. HP: 46/46 MP: 4/4
  2572 | D:3      | Reached skill level 4 in Maces & Flails
  2778 | D:4      | Reached skill level 5 in Shields
  3023 | D:4      | Noticed a black bear
  3029 | D:4      | Killed a black bear
  3029 | D:4      | Reached skill level 5 in Maces & Flails
  3029 | D:4      | Reached skill level 5 in Armour
  3029 | D:4      | Reached XP level 6. HP: 48/52 MP: 5/5
  3079 | D:4      | Paralysed by an orc priest for 4 turns
  3744 | D:5      | Entered Level 5 of the Dungeon
  3751 | D:5      | Reached XP level 7. HP: 60/60 MP: 6/6
  3810 | D:5      | Reached skill level 6 in Maces & Flails
  3899 | D:5      | Found a shadowy altar of Dithmenos.
  3917 | D:5      | Reached skill level 5 in Fighting
  4199 | D:5      | Found a staircase to the Ecumenical Temple.
  4205 | Temple   | Entered the Ecumenical Temple
  4455 | Temple   | Became a worshipper of Makhleb the Destroyer
  4562 | D:6      | Reached skill level 1 in Stealth
  4619 | D:6      | Reached skill level 7 in Maces & Flails
  4619 | D:6      | Reached XP level 8. HP: 39/69 MP: 7/7
  5321 | D:7      | Reached skill level 8 in Maces & Flails
  5503 | D:7      | Reached * piety under Makhleb
  5633 | D:7      | Reached skill level 9 in Maces & Flails
  5649 | D:7      | Found Famm's Food Boutique.
  5669 | D:7      | Reached XP level 9. HP: 70/78 MP: 8/8
  6626 | D:8      | Reached ** piety under Makhleb
  6661 | D:8      | Reached skill level 10 in Maces & Flails
  6783 | D:8      | Found Umodd's Food Boutique.
  6871 | D:8      | Noticed Prince Ribbit
  6885 | D:8      | Killed Prince Ribbit
  7795 | D:9      | Found an ancient bone altar of Kikubaaqudgha.
  7830 | D:9      | Noticed a two-headed ogre
  7840 | D:9      | Killed a two-headed ogre
  7840 | D:9      | Reached skill level 11 in Maces & Flails
  7840 | D:9      | Reached XP level 10. HP: 74/88 MP: 9/9
  7905 | D:9      | Found an iron altar of Okawaru.
  7944 | D:9      | Found a runed translucent door.
  8239 | D:9      | Found a runed translucent door.
  8245 | D:9      | Found a runed translucent door.
  8267 | D:9      | Found a runed translucent door.
  8282 | D:9      | Noticed an orange crystal statue
  8340 | D:9      | Found a staircase to the Lair.
  8340 | D:9      | Noticed an elephant
  8341 | D:9      | Noticed a two-headed ogre
  8354 | D:9      | Killed an elephant
  8370 | D:9      | Killed a two-headed ogre
  8370 | D:9      | Reached skill level 12 in Maces & Flails
  8597 | D:10     | Entered Level 10 of the Dungeon
  8706 | D:10     | Reached *** piety under Makhleb
  8724 | D:10     | Reached skill level 1 in Evocations
  8825 | D:10     | Reached skill level 1 in Invocations
  9232 | D:10     | Reached XP level 11. HP: 66/95 MP: 11/11
  9465 | D:10     | Reached **** piety under Makhleb
  9508 | D:10     | Found Kemanger's Distillery.
 10121 | Lair:1   | Entered Level 1 of the Lair of Beasts
 10251 | Lair:1   | Noticed an oklob plant
 10251 | Lair:1   | Noticed an oklob plant
 10251 | Lair:1   | Noticed an oklob plant
 10310 | Lair:1   | Noticed an oklob plant
 10542 | Lair:1   | Noticed a four-headed hydra
 10616 | Lair:1   | HP: 4/97 [blink frog (12)]
 10663 | D:9      | Reached skill level 10 in Shields
 10973 | Lair:1   | Killed a four-headed hydra
 11001 | Lair:1   | Reached skill level 13 in Maces & Flails
 11351 | Lair:1   | Noticed Grum
 11360 | Lair:1   | Reached skill level 10 in Armour
 11367 | Lair:1   | Killed Grum
 11860 | Lair:1   | Killed an oklob plant
 11862 | Lair:1   | Killed an oklob plant
 11872 | Lair:1   | Killed an oklob plant
 11892 | Lair:1   | Killed an oklob plant
 12162 | Lair:2   | Found a staircase to the Swamp.
 12287 | Lair:2   | Reached skill level 5 in Invocations
 12287 | Lair:2   | Reached XP level 12. HP: 78/106 MP: 14/14
 12424 | Lair:2   | Noticed a death yak
 12426 | Lair:2   | Noticed a death yak
 12428 | Lair:2   | Noticed a death yak
 12429 | Lair:2   | Noticed a death yak
 12429 | Lair:2   | Noticed a death yak
 12440 | Lair:2   | Killed a death yak
 12446 | Lair:2   | Killed a death yak
 12450 | Lair:2   | Killed a death yak
 12454 | Lair:2   | Killed a death yak
 12454 | Lair:2   | Reached skill level 10 in Fighting
 12456 | Lair:2   | Killed a death yak
 13249 | Lair:3   | Found a staircase to the Snake Pit.
 13340 | Lair:3   | Noticed a death yak
 13346 | Lair:3   | Noticed a death yak
 13347 | Lair:3   | Killed a death yak
 13348 | Lair:3   | Noticed a death yak
 13357 | Lair:3   | Killed a death yak
 13365 | Lair:3   | Killed a death yak
 13365 | Lair:3   | Reached skill level 14 in Maces & Flails
 14071 | Lair:4   | Found a runed translucent door.
 14073 | Lair:4   | Noticed runemage's ghost (journeyman GnFi)
 14075 | Lair:4   | Identified the +6 spear "Ipump" {drain, rF- Int+4}
 14313 | Lair:4   | Reached ***** piety under Makhleb
 14313 | Lair:4   | Reached XP level 13. HP: 103/114 MP: 16/18
 15262 | Lair:5   | Got a masterwork ring mail
 15315 | Lair:5   | Identified the +3 ring mail "Jedd" {-Tele Harm rF++ SInv}
                  | (You found it on level 5 of the Lair of Beasts)
 15793 | Lair:6   | Entered Level 6 of the Lair of Beasts
 16187 | Lair:6   | Found a staircase to the Slime Pits.
 16249 | Lair:6   | Noticed a dire elephant
 16259 | Lair:6   | Killed a dire elephant
 16361 | Lair:6   | Reached skill level 10 in Invocations
 16408 | Lair:6   | Found a burning altar of Makhleb.
 16420 | Lair:6   | Reached skill level 5 in Dodging
 16455 | Lair:6   | HP: 5/116 [ice devil (8)]
 16455 | Lair:6   | Demolished by an ice devil

Illustrated notes

Levels and vault maps discovered:
D:1:      dpeg_arrival_three_same_balls, layout_basic
D:2:      layout_basic, roderic_lattice_a
D:3:      layout_basic, kennysheep_generic_room_3
D:4:      layout_loops_cross, first_ration, patterned_corridor
D:5:      minmay_angry_zag, layout_rooms, minmay_temple_entry_fiery,
          nicolae_dithmenos_shadow_blocks
D:6:      layout_basic
D:7:      layout_loops_ring, serial_shops, kennysheep_mini_moat
D:8:      layout_basic, serial_shops, shop, uniq_prince_ribbit1
D:9:      layout_big_octagon, okawaru_metal_pillars_1_2, david_lair_generic,
          basic_altar, minmay_statue_crystal_thing
D:10:     layout_stronghold, serial_shops,
          nicolae_shop_temple_entry_statues_fountains, david_nohive_1
Temple:   regret_index_temple_sigil_plot
Lair:1:   layout_gridlike, serial_bayou_shore_b, minmay_lair_oklob_chamber,
          grunt_megastairs_4, uniq_grum
Lair:2:   layout_roguey, swamp_mist, grunt_megastairs_5,
          infiniplex_staircase_pool_2
Lair:3:   layout_loops_ring, dummy_snake_entry, special_room [special_room_bee]
Lair:4:   layout_gridlike, ebering_ghost_funeral_grove, serial_bayou,
          serial_bayou_pond_c, serial_bayou_ford_a, serial_bayou_pond_d,
          serial_bayou_pond_d, guppyfry_lair_drakes
Lair:5:   layout_hall_layers, serial_bayou_shore_a
Lair:6:   evil_forest, layout_layer_cave, dpeg_slime_entry_corner

Skill      XL: |  1  2  3  4  5  6  7  8  9 10 11 12 13 |
---------------+----------------------------------------+-----
Shields        | 4 5 6 7 8 9 10 12 | 12.9
Armour         | 4 5 6 8 9 10 11 | 11.5
Fighting       | 4 5 6 7 8 9 10 11 | 11.2
Maces & Flails | 3 5 7 9 11 12 13 14 | 14.5
Dodging        | 1 2 3 4 5 |  5.0
Stealth        | 1 2 3 |  3.0
Evocations     | 1 2 |  2.1
Invocations    | 2 5 8 10 | 10.2

Action                   |  1- 3 |  4- 6 |  7- 9 | 10-12 | 13-15 || total
-------------------------+-------+-------+-------+-------+-------++-------
Melee: Flail             |    80 |   150 |   340 |   539 |   144 ||  1253
       Headbutt          |    12 |    22 |    46 |   123 |    32 ||   235
Invok: Minor Destruction |       |       |       |    84 |    59 ||   143
       Lesser Servant of |       |       |       |    10 |     3 ||    13
       Major Destruction |       |       |       |     3 |     1 ||     4
Evoke: Wand              |       |       |     6 |    14 |     1 ||    21
       Phial of floods   |       |       |       |       |     1 ||     1
  Use: Scroll            |     3 |     4 |     9 |     9 |     4 ||    29
       Potion            |       |       |       |     4 |     1 ||     5
 Stab: Paralysed         |       |       |     3 |       |       ||     3
       Distracted        |       |       |       |     2 |       ||     2
  Eat: Chunk             |     1 |     8 |    16 |    19 |     7 ||    51
       Ration            |       |       |       |     1 |       ||     1
Armor: Chain mail        |    40 |    77 |   127 |   184 |       ||   428
       Scale mail        |     4 |       |       |       |       ||     4
       Plate armour      |       |       |       |    94 |    25 ||   119
       Ring mail         |       |       |       |       |    26 ||    26
Dodge: Dodged            |    18 |    43 |    77 |   184 |    40 ||   362
Block: Kite shield       |    41 |    76 |   154 |   403 |    83 ||   757
